 Dungeon Crawl Stone Soup version 0.20-a0-957-g47ad1fd (webtiles) character file.

16061 Koga the Bludgeoner (level 12, -2/72 HPs)
             Began as a Gargoyle Fighter on Apr 5, 2017.
             Was the Champion of Okawaru.
             Killed from afar by Erolcha (32 damage)
             ... with a crystal spear
             ... on level 10 of the Dungeon.
             The game lasted 00:34:46 (11307 turns).

Koga the Bludgeoner (Gargoyle Fighter)             Turns: 11307, Time: 00:34:47

Health: -2/72      AC: 21    Str: 24    XL:     12   Next: 33%
Magic:  10/10      EV:  9    Int: 11    God:    Okawaru [******]
Gold:   580        SH:  8    Dex: 10    Spells: 11/11 levels left

rFire    + + .     SeeInvis +   f - +4 flail
rCold    . . .     Gourm    .   H - +4 buckler of Discretion {rF++ rN+ Dex-2}
rNeg     + + .     Faith    .   i - +4 scale mail
rPois    ∞         Spirit   .   z - +0 helmet
rElec    +         Reflect  .   (no cloak)
rCorr    .         Harm     .   q - +0 pair of gloves
MR       ++...                  (no boots)
Stlth    ..........             (no amulet)
Regen    0.3/turn               E - +3 ring of dexterity
MPRegen  0.2/turn               b - ring of the Mage {Wiz MR++ Int+3}

@: no status effects
A: talons 1, see invisible, dopey 1, low mp 1, negative energy resistance 1,
electricity resistance, unbreathing, petrification resistance, rot immunity, AC
+8
a: Heroism, Finesse, Renounce Religion


You were on level 10 of the Dungeon.
You worshipped Okawaru.
Okawaru was exalted by your worship.
You were not hungry.

You visited 2 branches of the dungeon, and saw 11 of its levels.

You collected 580 gold pieces.

Inventory:

Hand Weapons
 f - a +4 flail (weapon)
 g - a +1 shortbow of velocity
 r - a +6 dire flail of crushing
Missiles
 k - 70 arrows
Armour
 i - a +4 scale mail (worn)
 q - a +0 pair of gloves (worn)
 z - a +0 helmet (worn)
 H - the +4 buckler of Discretion (worn) {rF++ rN+ Dex-2}
   (Okawaru gifted it to you on level 10 of the Dungeon)

   It affects your dexterity (-2).
   It greatly protects you from fire.
   It protects you from negative energy.
Jewellery
 b - the ring of the Mage (right hand) {Wiz MR++ Int+3}
   (You found it on level 4 of the Dungeon)

   [ring of wizardry]

   It improves your spell success rate.
   It affects your intelligence (+3).
   It affects your resistance to hostile enchantments.
 l - an uncursed ring of resist corrosion
 n - an uncursed ring of magical power
 E - a +3 ring of dexterity (left hand)
Wands
 c - a wand of disintegration (12/24)
 o - a wand of lightning (15/15)
 y - a wand of disintegration (11/24)
 C - a wand of paralysis (11/24)
Scrolls
 a - 2 scrolls of identify
 m - 3 scrolls of enchant armour
 s - 2 scrolls of blinking
 u - a scroll of acquirement {unknown}
 w - 2 scrolls of teleportation
 A - a scroll of recharging
 B - 2 scrolls of fear {unknown}
Potions
 d - 2 potions of might
 e - 3 potions of curing
 p - a potion of agility
 v - a potion of ambrosia
 x - 8 potions of degeneration
 D - a potion of flight
 F - a potion of resistance {unknown}
 G - a potion of heal wounds {unknown}
Comestibles
 h - 6 bread rations
 j - a royal jelly
 t - 5 meat rations
 I - 8 chunks of flesh


   Skills:
 - Level 7.3 Fighting
 + Level 17.6 Maces & Flails
 - Level 3.2 Armour
 - Level 3.2 Shields


You had 11 spell levels left.
You didn't know any spells.

Dungeon Overview and Level Annotations

Branches:
Dungeon (10/15)            Temple (1/1) D:4
   Lair: D:8-11         Orc: D:9-12

Altars:
Ashenzari
Cheibriados
Dithmenos
Elyvilon
Fedhas
Gozag
Hepliaklqana
Kikubaaqudgha
Makhleb
Nemelex Xobeh
Okawaru
Qazlal
Ru
Uskayaw
Vehumet
Xom
Zin
The Shining One

Shops:
D:4 (

Annotations:
D:10 Erolcha


Innate Abilities, Weirdness & Mutations

You are resistant to torment.
Your stone body is resilient. (AC +8)
You are immune to poison.
You resist negative energy. (rN+)
You are resistant to electric shocks. (rElec)
You can survive without breathing.
You are immune to petrification.
You are immune to rotting.
You have sharp toenails.
You have supernaturally acute eyesight. (SInv)
You are dopey. (Int -2)
Your magical capacity is low. (-10% MP)


Message History

You see here a flail.
Items here: ))))))) [[ ÷÷
Items here: )) [[ † a mace; a chain mail; a morningstar; a scale mail; an orc corpse
There is an open door here.
Erolcha points at you and mumbles some strange words.
The bolt of cold misses you.
Erolcha points at you and mumbles some strange words.
You block the crystal spear.
There is an open door, spattered with blood here.
Things that are here:
a giant club; a dire flail
There is an open door here.
You open the door.
Erolcha points at you and mumbles some strange words.
You resist with almost no effort.
There is an open door here.
Erolcha casts a spell at you. The crystal spear hits you!
You die...

#..##.....######..........#####..
##........# ########)### ##'
####.....# ###.# #. ###.###
##...# #. #..# ##.k### #. ##'####
#.o## ## #.....# ##O#### ####
#.)...# #####.....# #...
#####.....####..@'.....#######...
#...'.....'....###.....))....'...
..###.....###### #....[#######...
.## #.....# #.....# #... ##
#.....# #.....# #### #.....#
#.....# ####### #######


You could see Erolcha, a swamp drake and an orc warrior.

Vanquished Creatures
  Josephine (D:10)
  4 two-headed ogres
  The ghost of Koga the Basher, a novice GrFi of Okawaru (D:8)
  An unseen horror (D:10)
  Maurice (D:8)
  Joseph (D:8)
  A kobold demonologist (D:8)
  An efreet (D:9)
  A hornet (D:9)
  4 wraiths (D:10)
  20 yaks
  A vampire mosquito (D:9)
  A hungry ghost (D:7)
  Menkaure (D:6)
  A water moccasin (D:9)
  4 orc warriors
  3 ice beasts
  3 sky beasts
  A phantom (D:10)
  A black bear (D:10)
  7 ogres
  2 crocodiles
  3 centaurs
  15 big kobolds
  Blork the orc (D:5)
  7 bullfrogs
  A wyvern zombie (D:10)
  3 scorpions
  10 killer bees (D:9)
  3 wights
  5 howler monkeys
  3 crimson imps
  A bullfrog zombie (D:4)
  A quasit (D:9)
  5 hounds
  2 gnoll shamans (D:6)
  4 jellies
  A bullfrog skeleton (D:5)
  2 centaur skeletons
  6 orc priests
  Jessica (D:3)
  Terence (D:3)
  An iguana (D:9)
  5 orc wizards
  9 worker ants
  2 hound zombies
  A hound skeleton (D:10)
  2 worker ant zombies
  10 adders
  40 gnolls
  A howler monkey skeleton (D:3)
  A river rat (D:3)
  3 shadow imps
  An adder skeleton (D:5)
  3 worms
  4 dart slugs (D:1)
  4 leopard geckos
  39 orcs
  7 giant cockroaches
  6 goblins
  5 hobgoblins
  26 jackals
  4 quokkas
  8 bats
  9 frilled lizards
  26 kobolds
  6 quokka skeletons
  10 rats
  A withered plant (D:6)
370 creatures vanquished.

Vanquished Creatures (others)
  A plant (D:6)
1 creature vanquished.

Grand Total: 371 creatures vanquished

Notes
Turn   | Place    | Note
-------+----------+-------------------------------------------
     0 | D:1      | Koga the Gargoyle Fighter began the quest for the Orb.
     0 | D:1      | Reached XP level 1. HP: 14/14 MP: 1/1
   156 | D:1      | Reached XP level 2. HP: 13/19 MP: 2/2
   407 | D:1      | Reached skill level 3 in Maces & Flails
   615 | D:1      | Reached XP level 3. HP: 23/23 MP: 3/3
   761 | D:2      | Found a snail-covered altar of Cheibriados.
  1439 | D:3      | Reached skill level 4 in Maces & Flails
  1473 | D:3      | Noticed Jessica
  1485 | D:3      | Killed Jessica
  1485 | D:3      | Reached XP level 4. HP: 22/28 MP: 4/4
  1586 | D:3      | Found a faded altar of an unknown god.
  1606 | D:3      | Reached XP level 5. HP: 10/33 MP: 5/5
  1834 | D:3      | Noticed an ogre
  1843 | D:3      | HP: 1/33 [ogre/giant club (20)]
  2207 | D:3      | Killed an ogre
  2207 | D:3      | Reached skill level 5 in Maces & Flails
  2207 | D:3      | Reached XP level 6. HP: 40/40 MP: 6/6
  2455 | D:3      | Noticed Terence
  2468 | D:3      | Killed Terence
  2468 | D:3      | Reached skill level 5 in Fighting
  2677 | D:3      | Found a sacrificial altar of Ru.
  2836 | D:3      | Found a shadowy altar of Dithmenos.
  3261 | D:4      | Reached XP level 7. HP: 45/45 MP: 7/7
  3364 | D:4      | Found a burning altar of Makhleb.
  3461 | D:4      | Found a white marble altar of Elyvilon.
  3515 | D:4      | Reached skill level 6 in Maces & Flails
  3547 | D:4      | Found a staircase to the Ecumenical Temple.
  3577 | Temple   | Entered the Ecumenical Temple
  3691 | Temple   | Became a worshipper of Warmaster Okawaru
  3804 | D:4      | Found Tarisur's Weapon Boutique.
  4142 | D:4      | Gained mutation: You have sharp toenails. [potion of mutation]
  4142 | D:4      | Gained mutation: You are dopey. (Int -2) [potion of mutation]
  4142 | D:4      | Gained mutation: Your magical capacity is low. (-10% MP) [potion of mutation]
  4142 | D:4      | Gained mutation: You have supernaturally acute eyesight. (SInv) [potion of mutation]
  4215 | D:5      | Entered Level 5 of the Dungeon
  4323 | D:5      | Found a blossoming altar of Fedhas.
  4395 | D:5      | Reached XP level 8. HP: 53/53 MP: 7/7
  4422 | D:5      | Reached skill level 7 in Maces & Flails
  4586 | D:5      | Noticed Blork the orc
  4595 | D:5      | Killed Blork the orc
  4833 | D:5      | Found a shattered altar of Ashenzari.
  5066 | D:6      | Noticed Menkaure
  5438 | D:6      | Killed Menkaure
  5438 | D:6      | Reached * piety under Okawaru
  5438 | D:6      | Reached skill level 8 in Maces & Flails
  5581 | D:6      | Found a stormy altar of Qazlal.
  5665 | D:6      | Reached skill level 9 in Maces & Flails
  5679 | D:6      | Found an ancient bone altar of Kikubaaqudgha.
  5914 | D:6      | Reached XP level 9. HP: 57/57 MP: 8/8
  6062 | D:6      | Reached skill level 10 in Maces & Flails
  6476 | D:7      | Found a shadowy altar of Dithmenos.
  6512 | D:7      | Reached ** piety under Okawaru
  6596 | D:7      | Reached skill level 11 in Maces & Flails
  7209 | D:8      | Noticed Maurice
  7234 | D:8      | Killed Maurice
  7240 | D:8      | Reached skill level 12 in Maces & Flails
  7345 | D:8      | Reached *** piety under Okawaru
  7345 | D:8      | Reached XP level 10. HP: 61/63 MP: 9/9
  7600 | D:8      | Noticed Joseph
  7611 | D:8      | Killed Joseph
  7737 | D:8      | Noticed a two-headed ogre
  7745 | D:8      | Killed a two-headed ogre
  7745 | D:8      | Reached skill level 13 in Maces & Flails
  7992 | D:8      | Noticed a kobold demonologist
  8020 | D:8      | Killed a kobold demonologist
  8020 | D:8      | Reached **** piety under Okawaru
  8094 | D:8      | Noticed Koga's ghost (novice GrFi)
  8138 | D:8      | Killed Koga's ghost
  8138 | D:8      | Reached skill level 14 in Maces & Flails
  8325 | D:9      | Reached ***** piety under Okawaru
  8357 | D:9      | Reached XP level 11. HP: 49/67 MP: 9/9
  8461 | D:9      | Reached skill level 15 in Maces & Flails
  8839 | D:9      | Found a sparkling altar of Nemelex Xobeh.
  9552 | D:9      | Found a hide-covered altar of Uskayaw.
  9671 | D:10     | Entered Level 10 of the Dungeon
 10054 | D:10     | Received a gift from Okawaru
 10062 | D:10     | Reached skill level 16 in Maces & Flails
 10318 | D:10     | Noticed Josephine
 10331 | D:10     | Killed Josephine
 10582 | D:10     | Noticed an unseen horror
 10584 | D:10     | Noticed a two-headed ogre
 10596 | D:10     | Killed an unseen horror
 10597 | D:10     | Killed a two-headed ogre
 10597 | D:10     | Reached XP level 12. HP: 61/72 MP: 8/10
 10622 | D:10     | Reached skill level 17 in Maces & Flails
 10647 | D:10     | Reached ****** piety under Okawaru
 10880 | D:10     | Noticed a two-headed ogre
 10889 | D:10     | Killed a two-headed ogre
 10889 | D:10     | Received a gift from Okawaru
 10890 | D:10     | Got a bloodstained buckler {god gift}
 11101 | D:10     | Identified the +4 buckler of Discretion {rF++ rN+ Dex-2} (Okawaru gifted it to you on level 10 of the Dungeon)
 11225 | D:10     | Noticed a two-headed ogre
 11257 | D:10     | Killed a two-headed ogre
 11278 | D:10     | Noticed Erolcha
 11307 | D:10     | Killed from afar by Erolcha

Vault maps used:
D:1:      nagdon_arrival_double_spiral, minmay_box_of_dots
D:2:      cheibriados_altar_1, minmay_tiny_reverse_x
D:3:      marbit_many_paths, old_standard_altar,
          chequers_ecumenical_altar_simple, gup_sewer_entry_bubbles,
          kennysheep_generic_room_15, uniq_jessica, uniq_terence
D:4:      kennysheep_mini, makhleb_grotto_becter, minmay_temple_entry_mist,
          first_bread, serial_shops, shop, minmay_liquid_box
D:5:      nicolae_overflow_crystal_walls, lemuel_round_altar, uniq_blork_the_orc
D:6:      lemuel_castle_with_subvaults, kiku_gazebo_garden_becter,
          kennysheep_mini_moat, serial_glass, glass_columns_a, glass_columns_a,
          minivault_1, uniq_menkaure
D:7:      grunt_ogre_cave, grunt_dithmenos_smoke_and_mirrors
D:8:      special_room, uniq_joseph, uniq_maurice
D:9:      minmay_ornate_pinched, lemuel_coloured_pillars_altar,
          nemelex_xobeh_ov_fountains_minmay
D:10:     erik_orc_1, uniq_josephine, uniq_erolcha
Temple:   minmay_temple_curvy_loop

Skill      XL: |  1  2  3  4  5  6  7  8  9 10 11 12 |
---------------+-------------------------------------+-----
Maces & Flails | 3 4 5 6 9 12 14 16 17 | 17.6
Fighting       | 4 5 7 |  7.3
Armour         | |  3.2
Shields        | |  3.2

Action                   |  1- 3 |  4- 6 |  7- 9 | 10-12 || total
-------------------------+-------+-------+-------+-------++-------
Melee: Flail             |   120 |   178 |   518 |   456 ||  1272
       Kick              |       |       |   111 |   162 ||   273
       Dire flail        |       |       |       |   127 ||   127
Invok: Heroism           |       |       |     2 |     4 ||     6
  Use: Scroll            |       |     9 |     6 |     2 ||    17
       Potion            |       |     1 |     7 |     2 ||    10
  Eat: Chunk             |     2 |     4 |     8 |     4 ||    18
       Royal jelly       |       |     1 |       |       ||     1
       Bread ration      |       |       |     1 |     1 ||     2
       Meat ration       |       |       |     1 |     1 ||     2
Armor: Scale mail        |    63 |    83 |   256 |   245 ||   647
Dodge: Dodged            |    26 |    48 |   140 |   159 ||   373
Block: Shield            |    66 |    82 |   250 |   152 ||   550
       Buckler           |       |       |       |    14 ||    14
